 Dungeon Crawl Stone Soup version 0.20.1-1-g8b1a95d (webtiles) character file.

25941 Irenicus the Brawler (level 12, -8/118 HPs)
             Began as a Troll Chaos Knight on Oct 7, 2017.
             Mangled by an Executioner (15 damage)
             ... summoned by a lich
             ... on level 1 of the Abyss.
             The game lasted 00:41:17 (10116 turns).

Irenicus the Brawler (Troll Chaos Knight)          Turns: 10116, Time: 00:41:20

Health: -8/118     AC: 17    Str: 22 (23) XL:     12   Next: 93%
Magic:  0/11       EV: 11    Int:  8      God:    Xom [.*....]
Gold:   641        SH:  0    Dex: 12 (13) Spells: 10/11 levels left

rFire    + + .     SeeInvis +     - Unarmed
rCold    + . .     Gourm    +   (no shield)
rNeg     + . .     Faith    .   v - +4 acid dragon scales "Wulidoimp" {rN+ rCorr}
rPois    .         Spirit   +   (helmet restricted)
rElec    .         Reflect  .   y - scarf {rC+ rF+}
rCorr    +         Harm     .   (gloves unavailable)
MR       .....                  (boots unavailable)
Stlth    +.........             D - amulet of guardian spirit
Regen    1.1/turn               U - ring of wizardry
MPRegen  0.2/turn               L - ring of protection from fire

@: about to teleport, hasted, drained, very quick
A: unfitting armour, beak, claws 3, hooves 1, repulsion field 1, rugged brown
scales 1, slimy green scales 1, see invisible, fast metabolism 3, gourmand,
sense surroundings 1, regeneration 2, robust 1, shaggy fur 1, tough skin 2, wild
magic 1, evolution 1
a: Renounce Religion


You were on level 1 of the Abyss.
You worshipped Xom.
You were a plaything of Xom.
You were completely stuffed.

You visited 1 branch of the dungeon, and saw 13 of its levels.
You visited the Abyss 1 time.

You collected 861 gold pieces.
You spent 220 gold pieces at shops.

Inventory:

Hand Weapons
 B - the +7 Singing Sword
   (You found it on level 6 of the Dungeon)
Armour
 v - the +4 acid dragon scales "Wulidoimp" (worn) {rN+ rCorr}
   (You found it on level 4 of the Dungeon)

   It protects you from negative energy.
   It protects you from acid and corrosion.
 y - a scarf of resistance (worn)
 R - a +0 large shield
Jewellery
 j - an uncursed ring of resist corrosion
 k - an uncursed amulet of magic regeneration
 x - an uncursed amulet of rage
 A - a +3 ring of dexterity
 D - an amulet of guardian spirit (around neck)
 J - an uncursed ring of teleportation
 L - a ring of protection from fire (right claw)
 U - a ring of wizardry (left claw)
 V - a +2 ring of strength {unknown}
Wands
 a - a wand of scattershot (4/9)
 F - a wand of clouds (5/9)
 H - a wand of acid (0/15)
 O - a wand of iceblast (1/15)
 P - a wand of iceblast (3/15)
 Q - a wand of random effects (24/48)
 T - a wand of random effects (31/48)
Scrolls
 e - 2 scrolls of teleportation
 h - 3 scrolls of fog {unknown}
 i - 9 scrolls of remove curse
 m - 5 scrolls of recharging {unknown}
 n - 3 scrolls of enchant armour {unknown}
 o - 7 scrolls of identify {unknown}
 p - 4 scrolls of amnesia {unknown}
 q - 2 scrolls of random uselessness {unknown}
 s - a scroll of enchant weapon {unknown}
 z - 2 scrolls of magic mapping {unknown}
 G - a scroll of brand weapon {unknown}
 N - a scroll of acquirement {unknown}
Potions
 c - 3 potions of agility
 d - 2 potions of curing
 f - 4 potions of mutation
 l - a potion of heal wounds {unknown}
 t - 2 potions of haste
 u - a potion of brilliance {unknown}
 W - 2 potions of might {unknown}
Books
 r - a book of Changes

   Spells                             Type                      Level
   a - Beastly Appendage              Transmutation                1
   b - Sticks to Snakes               Transmutation                2
   c - Spider Form                    Transmutation/Poison         3
   d - Ice Form                       Ice/Transmutation            4
   e - Blade Hands                    Transmutation                5
 w - a book of Air

   Spells                             Type                      Level
   a - Shock                          Conjuration/Air              1
   b - Swiftness                      Charms/Air                   2
   c - Static Discharge               Conjuration/Air              3
   d - Airstrike                      Air                          4
   e - Lightning Bolt                 Conjuration/Air              5
 M - a book of Cantrips

   Spells                             Type                      Level
   a - Confusing Touch                Hexes                        1
   b - Animate Skeleton               Necromancy                   1
   c - Summon Small Mammal            Summoning                    1
   d - Apportation                    Translocation                1
Miscellaneous
 I - a lamp of fire (inert)
 S - a fan of gales
Comestibles
 b - 16 bread rations
 g - 7 meat rations
 C - 6 chunks of flesh
 E - 5 royal jellies
 K - 3 fruits


   Skills:
 - Level 3.0(2.7) Fighting
 + Level 5.7(5.3) Armour
 - Level 2.0(1.7) Dodging
 + Level 19.0(18.6) Unarmed Combat
 - Level 2.0(1.7) Hexes


You had 10 spell levels left.
You knew the following spells:

 Your Spells              Type           Power        Failure   Level  Hunger
a - Confusing Touch       Hex            #.....       14%         1    ##.....


Dungeon Overview and Level Annotations

Branches:
Dungeon (13/15)            Temple (0/1) D:6            Lair (0/6) D:8
    Orc (0/2) D:12
 Vaults: D:13-14

Altars:
Ashenzari
Dithmenos
Fedhas
Hepliaklqana
Ru
Sif Muna
Vehumet
Xom

Shops:
D:7 *   D:9 :

Annotations:
D:13 Sonja


Innate Abilities, Weirdness & Mutations

You are too large for most types of armour.
You have claws for hands.
Your metabolism is lightning-fast.
You like to eat raw meat.
You heal very quickly.
You are covered in fur. (AC +1)
You have very tough skin. (AC +2)
You have a beak for a mouth.
You have large cloven feet.
You are surrounded by a mild repulsion field. (EV +2)
You are partially covered in rugged brown scales. (AC +1, +3% HP)
You are partially covered in slimy green scales. (AC +2)
You have supernaturally acute eyesight. (SInv)
You passively map a small area around you.
You are robust. (+10% HP)
Your spells are a little harder to cast, but a little more powerful.
You evolve.


Message History

The Executioner hits your white imp!
Your white imp dies!
The lich gestures at you while chanting.
The iron shot hits you!
* * * LOW HITPOINT WARNING * * *
Okay, then.
Okay, then.
It was a potion of haste.
You feel yourself speed up.
The Executioner hits you but does no damage.
The Executioner hits you.
* * * LOW HITPOINT WARNING * * *
The Executioner hits you but does no damage.
The Executioner hits you!
* * * LOW HITPOINT WARNING * * *
The Executioner hits you but does no damage.
The Executioner hits you.
* * * LOW HITPOINT WARNING * * *
The Executioner hits you!
You die...
Xom snickers!

##......##...#
.#.............
...............
#...........####
#............#.#
#...........#..
#............# #
#...21L# ..# .
##....@.##..##.#
#............#..
#.............##
#...#...#.......
#..##...#...## .
#.###...#...#.#
#..##...#....###
#. #...#.......
#...#...#. .....


You could see a hell beast, a lich (invisible) and an Executioner.

Vanquished Creatures
  Frances (D:12)
  A hydra (D:12)
  Erica (D:9)
  3 centaur warriors (D:13)
  6 two-headed ogres
  Nergalle (D:11)
  2 large abominations (Abyss:1)
  An unseen horror (D:8)
  An ugly thing (D:12)
  A cyclops (D:13)
  2 manticores
  2 centaur skeletons
  An emperor scorpion zombie (Abyss:1)
  An efreet (D:13)
  An ancient zyme (Abyss:1)
  2 trolls
  Grinder (D:5)
  2 raiju (Abyss:1)
  4 hippogriffs
  A spriggan (D:7)
  3 vampires
  2 wyverns
  A tarantella (shapeshifter) (D:11)
  A wraith (D:12)
  9 yaks (D:11)
  A hungry ghost (D:13)
  3 small abominations (Abyss:1)
  The ghost of hilaritas the Cutter, an amateur HaAK of Lugonu (D:4)
  3 wargs (D:12)
  4 porcupines (D:8)
  A water moccasin (D:10)
  5 orc warriors
  A hornet zombie (D:12)
  2 ice beasts
  2 sky beasts
  2 black bears (D:8)
  A necrophage (D:8)
  20 centaurs
  2 wolves (D:8)
  2 ogres
  4 crocodiles
  9 bullfrogs
  9 scorpions
  A wyvern skeleton (D:6)
  A water moccasin skeleton (D:10)
  4 killer bees (D:7)
  12 wights
  3 howler monkeys
  12 crimson imps
  A centaur zombie (D:11)
  2 quasits (D:6)
  A jelly (D:8)
  8 hounds
  2 bullfrog zombies
  7 orc priests
  An iron imp (Abyss:1)
  5 bullfrog skeletons
  8 iguanas
  8 orc wizards
  5 worker ants
  A killer bee zombie (D:6)
  3 hound skeletons
  A worker ant zombie (D:9)
  3 gnolls (D:7)
  7 adders
  A howler monkey skeleton (D:4)
  A shadow imp (D:5)
  3 worms
  5 leopard geckos
  43 orcs
  5 ball pythons
  5 giant cockroaches
  7 goblins
  4 hobgoblins
  2 quokkas
  9 bats
  3 frilled lizards
  A jackal skeleton (D:6)
  A jackal zombie (D:9)
  8 kobolds
  A quokka skeleton (D:7)
  3 rats
  A fungus (D:6)
322 creatures vanquished.

Vanquished Creatures (others)
  A killer bee (D:7)
  A fungus (D:8)
2 creatures vanquished.

Grand Total: 324 creatures vanquished

Notes
Turn   | Place    | Note
-------+----------+-------------------------------------------
     0 | D:1      | Irenicus the Troll Chaos Knight began the quest for the Orb.
     0 | D:1      | Reached XP level 1. HP: 22/22 MP: 0/0
   350 | D:1      | XOM: divination: detect creatures
   401 | D:1      | XOM: harmless Tloc miscast
   783 | D:1      | XOM: silly message
   832 | D:2      | Reached XP level 2. HP: 29/29 MP: 1/1
   934 | D:2      | XOM: mild Erth miscast
  1170 | D:2      | Reached XP level 3. HP: 25/36 MP: 2/2
  1400 | D:2      | Found a shattered altar of Ashenzari.
  1477 | D:3      | XOM: silly message
  1485 | D:3      | Reached skill level 4 in Unarmed Combat
  1632 | D:3      | XOM: give mutation
  1632 | D:3      | Gained mutation: You evolve. [Xom's grace]
  1723 | D:3      | XOM: give mutations
  1723 | D:3      | Gained mutation: You are partially covered in slimy green scales. (AC +2) [Xom's grace]
  1723 | D:3      | Gained mutation: You have large cloven feet. [Xom's grace]
  1723 | D:3      | Gained mutation: You have a beak for a mouth. [Xom's grace]
  1723 | D:3      | Gained mutation: Your flesh is cold resistant. (rC+) [Xom's grace]
  1816 | D:3      | XOM: divination: magic mapping
  1819 | D:3      | You fall through a shaft!
  1819 | D:4      | Found a transporter.
  1819 | D:4      | Found a sacrificial altar of Ru.
  1820 | D:4      | Found a radiant altar of Vehumet.
  1821 | D:4      | Found a blossoming altar of Fedhas.
  1830 | D:4      | XOM: scenery: create altars
  1844 | D:4      | Found a transporter.
  1860 | D:4      | Reached XP level 4. HP: 42/45 MP: 3/3
  1868 | D:4      | Reached skill level 5 in Unarmed Combat
  1868 | D:4      | Reached XP level 5. HP: 47/53 MP: 4/4
  2271 | D:3      | Gained mutation: You rapidly evolve. [evolution]
  2277 | D:3      | XOM: god gift: bread ration
  2564 | D:3      | XOM: give mutations
  2564 | D:3      | Gained mutation: You are dopey. (Int -2) [Xom's mischief]
  2564 | D:3      | Gained mutation: You are partially covered in rugged brown scales. (AC +1, +3% HP) [Xom's mischief]
  2564 | D:3      | Gained mutation: You tend to lose your temper in combat. [Xom's mischief]
  2593 | D:4      | XOM: mild Fire miscast
  2598 | D:4      | Noticed an ogre
  2601 | D:4      | Killed an ogre
  2601 | D:4      | Reached skill level 6 in Unarmed Combat
  2615 | D:4      | XOM: potion effect (haste)
  2622 | D:4      | Reached XP level 6. HP: 60/62 MP: 5/5
  2690 | D:4      | XOM: harmless Erth miscast
  2692 | D:4      | Noticed hilaritas's ghost (amateur HaAK)
  2700 | D:4      | Killed hilaritas's ghost
  2700 | D:4      | Reached skill level 7 in Unarmed Combat
  2761 | D:4      | Got encrusted acid dragon scales
  2772 | D:4      | Identified the +4 acid dragon scales "Wulidoimp" {rN+ rCorr} (You found it on level 4 of the Dungeon)
  2797 | D:4      | Reached XP level 7. HP: 68/69 MP: 6/6
  2968 | D:4      | Reached skill level 8 in Unarmed Combat
  3051 | D:4      | XOM is BORED!
  3051 | D:4      | XOM: harmless Hex miscast
  3057 | D:5      | Entered Level 5 of the Dungeon
  3200 | D:5      | XOM: harmless Tmut miscast
  3220 | D:5      | Noticed Grinder
  3221 | D:5      | XOM: divination: magic mapping
  3222 | D:5      | XOM: divination: magic mapping
  3230 | D:5      | Killed Grinder
  3230 | D:5      | Reached skill level 9 in Unarmed Combat
  3332 | D:5      | XOM: divination: detect items
  3335 | D:5      | XOM: harmless Necr miscast
  3343 | D:5      | XOM: scenery: create altars
  3390 | D:5      | Lost mutation: You tend to lose your temper in combat. [evolution]
  3497 | D:6      | Reached XP level 8. HP: 77/77 MP: 7/7
  3528 | D:6      | Found a staircase to the Ecumenical Temple.
  3564 | D:6      | Gained mutation: You possess an exceptional clarity of mind. [mutagenic meat]
  3567 | D:6      | Lost mutation: Your flesh is cold resistant. (rC+) [mutagenic meat]
  3605 | D:6      | Reached skill level 10 in Unarmed Combat
  3627 | D:6      | XOM: scenery: create altars
  3835 | D:6      | XOM: 7-stop teleportation journey
  3858 | D:6      | XOM: 1-stop teleportation journey
  3913 | D:6      | Found a hazy altar of Hepliaklqana.
  4005 | D:6      | Reached skill level 11 in Unarmed Combat
  4037 | D:6      | XOM: give mutations
  4037 | D:6      | Gained mutation: You have hoof-like feet. [Xom's grace]
  4037 | D:6      | Gained mutation: You have supernaturally acute eyesight. (SInv) [Xom's grace]
  4037 | D:6      | Gained mutation: You are resistant to hostile enchantments. (MR+) [Xom's grace]
  4037 | D:6      | Gained mutation: Your spells are a little harder to cast, but a little more powerful. [Xom's grace]
  4084 | D:6      | XOM: give mutation
  4084 | D:6      | Gained mutation: You have a pair of small antennae on your head. [Xom's grace]
  4086 | D:6      | Found a deep blue altar of Sif Muna.
  4333 | D:7      | Found Tihyfaunt's General Store.
  4365 | D:7      | XOM: enchant monster (good)
  4468 | D:7      | XOM: destruction
  4669 | D:7      | Reached XP level 9. HP: 68/83 MP: 8/8
  4832 | D:7      | Found a large runed door.
  4832 | D:7      | Found a large runed door.
  4848 | D:7      | Found a large runed door.
  4848 | D:7      | Found a large runed door.
  4853 | D:7      | Noticed a manticore
  4862 | D:7      | Killed a manticore
  4862 | D:7      | Reached skill level 12 in Unarmed Combat
  4923 | D:7      | XOM: god gift: hand crossbow {god gift}
  5000 | D:7      | XOM: 1-stop teleportation journey
  5206 | D:7      | XOM: give mutations
  5206 | D:7      | Lost mutation: You are dopey. (Int -2) [Xom's grace]
  5206 | D:7      | Gained mutation: Your muscles are strong. (Str +2) [Xom's grace]
  5206 | D:7      | Gained mutation: Your flesh is heat resistant. (rF+) [Xom's grace]
  5271 | D:7      | Lost mutation: Your muscles are strong. (Str +2) [evolution]
  5733 | D:8      | Noticed a two-headed ogre
  5739 | D:8      | Killed a two-headed ogre
  5739 | D:8      | Reached skill level 13 in Unarmed Combat
  5803 | D:8      | XOM: noise
  5815 | D:8      | XOM: enchant monster (bad)
  5816 | D:8      | XOM: scenery: create altars
  5821 | D:8      | Reached XP level 10. HP: 62/93 MP: 5/9
  5824 | D:8      | Reached skill level 1 in Armour
  5828 | D:8      | Reached skill level 14 in Unarmed Combat
  5857 | D:8      | Noticed an unseen horror
  5857 | D:8      | a basilisk changed into an unseen horror
  5857 | D:8      | XOM: polymorph basilisk -> unseen horror
  5871 | D:8      | Killed an unseen horror
  5907 | D:8      | Found a staircase to the Lair.
  5995 | D:8      | XOM: mild Chrm miscast
  6205 | D:8      | Found a shattered altar of Ashenzari.
  6358 | D:8      | XOM: silly message
  6432 | D:9      | Found Xeelen's Book Emporium.
  6439 | D:9      | Bought a book of Cantrips for 220 gold pieces
  6441 | D:9      | Learned a level 1 spell: Confusing Touch
  6585 | D:9      | XOM: divination: magic mapping
  6586 | D:9      | Noticed Erica
  6594 | D:9      | XOM: harmless Tmut miscast
  6596 | D:9      | Killed Erica
  6596 | D:9      | Reached skill level 15 in Unarmed Combat
  6607 | D:9      | XOM: divination: detect creatures
  6801 | D:9      | XOM: divination: detect creatures
  6832 | D:9      | Noticed a two-headed ogre
  6834 | D:9      | XOM: harmless Pois miscast
  6840 | D:9      | Killed a two-headed ogre
  6981 | D:10     | Entered Level 10 of the Dungeon
  6986 | D:10     | XOM: cast spell 'Summon Butterflies'
  7131 | D:10     | XOM: blink monster(s)
  7152 | D:10     | Noticed a two-headed ogre
  7156 | D:10     | Killed a two-headed ogre
  7156 | D:10     | Reached XP level 11. HP: 99/99 MP: 10/10
  7346 | D:10     | Noticed a two-headed ogre
  7346 | D:10     | XOM: silly message
  7353 | D:10     | Killed a two-headed ogre
  7400 | D:10     | Reached skill level 16 in Unarmed Combat
  7607 | D:10     | Found a shadowy altar of Dithmenos.
  7656 | D:10     | XOM: cloud trail
  7778 | D:11     | XOM: mild Fire miscast
  7822 | D:11     | Noticed Nergalle
  7830 | D:11     | Killed Nergalle
  8002 | D:11     | XOM: swap monsters
  8167 | D:11     | XOM is BORED!
  8167 | D:11     | XOM: medium Necr miscast
  8404 | D:11     | XOM: polymorph yak -> tarantella
  8527 | D:12     | Noticed a red ugly thing
  8557 | D:12     | Noticed a two-headed ogre
  8559 | D:12     | XOM: blink monster(s)
  8564 | D:12     | Killed a two-headed ogre
  8564 | D:12     | Reached skill level 17 in Unarmed Combat
  8612 | D:12     | Noticed an eight-headed hydra
  8619 | D:12     | Gained mutation: You passively map a small area around you. [evolution]
  8634 | D:12     | XOM: enchant monster (bad)
  8652 | D:12     | XOM: cast spell 'Leda's Liquefaction'
  8658 | D:12     | Killed an 11-headed hydra
  8754 | D:12     | Killed a red ugly thing
  8788 | D:12     | Gained mutation: You are robust. (+10% HP) [mutagenic meat]
  8894 | D:12     | XOM: divination: magic mapping
  8895 | D:12     | Noticed Frances
  8908 | D:12     | XOM: potion effect (haste)
  8922 | D:12     | Killed Frances
  8922 | D:12     | Reached skill level 5 in Armour
  8922 | D:12     | Reached XP level 12. HP: 32/118 MP: 3/11
  9193 | D:12     | Found a staircase to the Orcish Mines.
  9196 | D:12     | XOM: potion effect (brilliance)
  9232 | D:12     | XOM: harmless Hex miscast
  9278 | D:12     | XOM: cast spell 'Summon Ice Beast'
  9332 | D:12     | XOM: mild Fire miscast
  9342 | D:12     | XOM: divination: detect creatures
  9349 | D:12     | Lost mutation: You have hoof-like feet. [mutagenic meat]
  9351 | D:12     | Lost mutation: You possess an exceptional clarity of mind. [mutagenic meat]
  9463 | D:13     | Noticed a two-headed ogre
  9464 | D:13     | XOM: divination: detect items
  9468 | D:13     | Killed a two-headed ogre
  9468 | D:13     | Reached skill level 18 in Unarmed Combat
  9468 | D:13     | Reached skill level 1 in Hexes
  9661 | D:13     | Noticed a centaur warrior
  9668 | D:13     | Killed a centaur warrior
  9669 | D:13     | Noticed Sonja
  9702 | D:13     | Lost mutation: You rapidly evolve. [potion of mutation]
  9702 | D:13     | Lost mutation: Your flesh is heat resistant. (rF+) [potion of mutation]
  9702 | D:13     | Lost mutation: You have a pair of small antennae on your head. [potion of mutation]
  9702 | D:13     | Lost mutation: You are resistant to hostile enchantments. (MR+) [potion of mutation]
  9702 | D:13     | Gained mutation: You are surrounded by a mild repulsion field. (EV +2) [potion of mutation]
  9702 | D:13     | Gained mutation: You heal very quickly. [potion of mutation]
  9738 | D:13     | Noticed a centaur warrior
  9751 | D:13     | Killed a centaur warrior
  9817 | D:13     | Noticed a centaur warrior
  9819 | D:13     | XOM: fog
  9826 | D:13     | Killed a centaur warrior
  9860 | D:13     | Cast into level 1 of the Abyss (Sonja)
 10055 | Abyss:1  | Reached skill level 19 in Unarmed Combat
 10061 | Abyss:1  | Found a blossoming altar of Fedhas.
 10072 | Abyss:1  | XOM: summons 2 friendly demons
 10099 | Abyss:1  | Noticed a lich
 10107 | Abyss:1  | Noticed an Executioner
 10113 | Abyss:1  | Noticed a hell beast
 10116 | Abyss:1  | Mangled by an Executioner

Skill      XL: |  1  2  3  4  5  6  7  8  9 10 11 12 |
---------------+-------------------------------------+-----
Dodging        | 2 |  2.0
Unarmed Combat | 4 5 6 7 9 11 13 15 17 19 | 19.0
Fighting       | 3 |  3.0
Armour         | 3 5 |  5.7
Hexes          | 2 |  2.0

Action                   |  1- 3 |  4- 6 |  7- 9 | 10-12 || total
-------------------------+-------+-------+-------+-------++-------
Melee: Unarmed           |   100 |    58 |   198 |   504 ||   860
       Punch             |     1 |     4 |    11 |    40 ||    56
       Kick              |     2 |    16 |    52 |   147 ||   217
       Peck              |     1 |     9 |    29 |    99 ||   138
       Double sword      |       |       |     6 |       ||     6
 Cast: Confusing Touch   |       |       |       |    25 ||    25
Evoke: Wand              |       |       |       |     9 ||     9
       Fan of gales      |       |       |       |     1 ||     1
       Lamp of fire      |       |       |       |     1 ||     1
       Phantom mirror    |       |       |       |     1 ||     1
  Use: Scroll            |       |       |       |     5 ||     5
       Potion            |       |       |       |     6 ||     6
 Stab: Confused          |       |       |       |    16 ||    16
       Sleeping          |       |       |       |     1 ||     1
  Eat: Chunk             |    18 |     8 |    37 |    54 ||   117
       Fruit             |     1 |       |       |       ||     1
Armor: Robe              |    32 |    22 |       |       ||    54
       Acid dragon scale |       |     2 |    84 |   234 ||   320
Dodge: Dodged            |    49 |    14 |   101 |   248 ||   412
       Rpst.: Double sword |       |       |     1 |       ||     1
